AoeStats
← Melodies of Life

Nomad

510618653Analyzed
4v4 RM · 1d ago on Oct 1, 2026· 58m 29s· 8 players
Game mode
Random Map
Map size
231×231
Population
200
Speed
Normal
Resources
Standard
Victory
Conquest
Starting age
Dark Age
Ending age
Imperial Age
RankedLock teamsTeams togetherTeam positionsShared explorationLock speedFull tech treeHidden civsTurbo modeCheats
Victory
Defeat
🇪🇸 Italians · Spain
1324
+14
🇫🇷 Malians · France
1285
+15
🇹🇷 Koreans · Türkiye
1278
+15
🇧🇦 Vikings · Bosnia & Herzegovina
1254
+16
🇻🇳 Franks · Vietnam
1310
-16
🇨🇳 Bengalis · China
1277
-16
🇲🇽 Shu · Mexico
1258
-15
🇧🇷 Inca · Brazil
1226
-13
Tokira
10:27 Loom
12:43 Feudal Age
14:16 Fletching
15:53 Double-Bit Axe
16:26 Fishing Lines
20:11 Stone Mining
23:58 Castle Age
25:11 Wheelbarrow
24:50 Bow Saw
26:09 Bow Saw
26:33 Scale Mail Armor
26:45 Forging
27:24 Forging
28:28 Stone Shaft Mining
28:41 Gold Mining
29:14 Chain Mail Armor
29:35 Iron Casting
30:39 Gold Shaft Mining
33:06 Arson
33:22 Squires
40:28 Horse Collar
45:13 Imperial Age
46:58 Hand Cart
50:40 Heavy Plow
50:09 Capped Ram
50:27 Elite Fire Lancer
50:50 Capped Ram
52:41 Plate Mail Armor
53:42 Conscription
55:07 Town Watch
Aspirante
4:54 Loom
12:56 Feudal Age
17:03 Castle Age
15:36 Stone Mining
16:33 Double-Bit Axe
18:52 Fletching
22:38 Gold Mining
31:00 Bodkin Arrow
37:21 Wheelbarrow
45:02 Imperial Age
43:37 Ballistics
49:01 Chemistry
49:44 Bracer
53:06 Thumb Ring
56:11 Padded Archer Armor
55:41 Elite Skirmisher
56:44 Bow Saw
58:53 Padded Archer Armor
Rpt
3:45 Loom
16:19 Feudal Age
20:43 Castle Age
19:01 Stone Mining
18:59 Double-Bit Axe
18:57 Horse Collar
21:46 Town Watch
23:52 Wheelbarrow
23:15 Gold Mining
24:11 Forging
24:02 Scale Mail Armor
35:35 Iron Casting
35:15 Chain Mail Armor
41:26 Imperial Age
42:31 Conscription
42:44 Plate Mail Armor
41:57 Elite Gbeto
1godi
3:58 Loom
14:32 Feudal Age
16:29 Fletching
24:26 Castle Age
24:22 Double-Bit Axe
26:33 Bow Saw
31:18 Horse Collar
32:21 Heavy Plow
33:23 Gold Mining
34:19 Scale Mail Armor
34:29 Forging
34:57 Gold Shaft Mining
36:15 Town Watch
37:05 Chain Mail Armor
38:40 Iron Casting
41:04 Squires
40:50 Arson
44:09 Imperial Age
41:52 Bodkin Arrow
41:57 Padded Archer Armor
43:03 Ballistics
43:53 Leather Archer Armor
43:44 Stone Mining
43:20 Crossbowman
45:06 Bracer
46:08 Chemistry
44:31 Arbalester
47:32 Two-Man Saw
47:04 Crop Rotation
47:24 Conscription
49:30 Elite Skirmisher
53:18 Capped Ram
54:53 Ring Archer Armor
54:53 Plate Mail Armor
55:53 Siege Ram
58:08 Bogsveigar
58:45 Hoardings
余淮nb
7:54 Loom
14:15 Feudal Age
15:06 Double-Bit Axe
15:56 Fletching
20:59 Town Watch
24:14 Horse Collar
33:26 Castle Age
43:48 Wheelbarrow
44:13 Heavy Plow
44:35 Bow Saw
45:30 Hand Cart
45:17 Gold Mining
45:20 Stone Mining
49:08 Imperial Age
48:50 Bodkin Arrow
48:56 Padded Archer Armor
49:14 Bloodlines
49:04 Husbandry
50:05 Ballistics
49:12 Elite Elephant Archer
50:05 Bracer
51:12 Two-Man Saw
51:47 Chemistry
50:58 Masonry
51:08 Leather Archer Armor
51:22 Conscription
51:56 Paiks
52:44 Ring Archer Armor
53:02 Gold Shaft Mining
56:23 Scale Barding Armor
57:03 Light Cavalry
58:30 Chain Barding Armor
BaianinhoDeMaua
8:40 Loom
14:09 Feudal Age
17:57 Castle Age
16:41 Champi Runner
18:20 Scale Mail Armor
18:08 Arson
20:12 Champi Warrior
29:31 Chain Mail Armor
32:39 Squires
33:01 Fletching
38:07 Bodkin Arrow
38:25 Forging
39:22 Wheelbarrow
40:45 Iron Casting
49:09 Imperial Age
48:59 Gold Mining
48:55 Double-Bit Axe
49:14 Elite Champi Warrior
50:25 Plate Mail Armor
53:24 Gold Shaft Mining
55:16 Capped Ram
57:10 Blast Furnace
Melodies of Life
8:06 Loom
15:56 Feudal Age
19:51 Castle Age
17:43 Double-Bit Axe
17:56 Stone Mining
18:11 Fishing Lines
19:17 Town Watch
20:37 Fletching
23:35 Bodkin Arrow
23:56 Bow Saw
23:40 Gold Mining
26:17 Wheelbarrow
32:27 Imperial Age
30:44 Forging
31:20 Wheelbarrow
32:14 Iron Casting
32:42 Scale Mail Armor
33:53 Conscription
34:36 Blast Furnace
34:15 Hand Cart
43:13 Elite Throwing Axeman
51:32 Chain Mail Armor
52:17 Blast Furnace
CCM | Zero
4:41 Loom
12:27 Feudal Age
15:23 Fletching
Connection lost

Rejoining the realm…

Still unreachable

The connection could not be restored.

Session expired

The server has moved on; the page needs a fresh start.